Description

My build for my videos.

Build Order

Get SALT Encoding   

  13  0:12  Overlord  
  17  0:51  Hatchery  
  18  1:02  Extractor  
  17  1:20  Spawning Pool  
  19  1:38  Overlord  
  20  2:00  Queen x2  
  24  2:04  Metabolic Boost  
  24  2:05  Zergling x6  
  30  2:35  Hatchery  
  33  2:55  Overlord  
  33  3:00  Queen  
  36  3:03  Overlord  Now Just Win
Spawning Tool Build Advisor. Get it on Overwolf

Go to:

Details

  • Created by: Nagas
  • Published on: Nov 20, 2017
  • Modified on: Nov 20, 2017
  • Patch: 4.0.0
Show
View Real Time Build Order
Export as new Build Order

Comments (0)

There are no comments. Be the first!

Create an account to comment!